 Dungeon Crawl Stone Soup version 0.22-a0-40-g3d2f077 (webtiles) character file.

28 theanonym the Grave Robber (level 2, -2/20 HPs)
             Began as a Demigod Necromancer on Jan 4, 2018.
             Slain by an adder (3 damage)
             ... on level 2 of the Dungeon.
             The game lasted 00:02:47 (1457 turns).

theanonym the Grave Robber (Demigod Necromancer)    Turns: 1457, Time: 00:02:48

Health: -2/20      AC:  2    Str: 11    XL:     2   Next: 75%
Magic:  4/7        EV: 12    Int: 19    God:
Gold:   51         SH:  0    Dex: 18    Spells: 4/5 levels left

rFire    . . .     SeeInvis .   i - +0 dagger (venom)
rCold    . . .     Gourm    .   (no shield)
rNeg     . . .     Faith    .   a - +0 robe {0}
rPois    .         Spirit   .   (no helmet)
rElec    .         Reflect  .   (no cloak)
rCorr    .         Harm     .   (no gloves)
MR       .....     Rnd*Tele +   (no boots)
Stlth    +++.......             (no amulet)
HPRegen  0.06/turn              (no ring)
MPRegen  0.10/turn              (no ring)

@: lethally poisoned (-2 -> -9)
A: thin skeletal structure 1, high mp 1, teleportitis 1
a: no special abilities


Innate Abilities, Weirdness & Mutations

You have an increased reservoir of magic. (+10% MP)
You have a somewhat thin skeletal structure. (Dex +2, Stealth)
You are occasionally teleported next to monsters.


   Skills:
 - Level 1.7 Dodging
 - Level 1.7 Stealth
 - Level 2.0 Spellcasting
 + Level 4.4 Necromancy


You had 4 spell levels left.
You knew the following spells:

 Your Spells              Type           Power        Failure   Level  Hunger
a - Pain                  Necr           ###.         2%          1    #......

Skill      XL: |  1 |
---------------+----+-----
Spellcasting   | 2 |  2.0
Necromancy     | 4 |  4.4
Dodging        | |  1.7
Stealth        | |  1.7

Action                   || total
-------------------------++-------
Melee: Unarmed           ||    15
       Dagger            ||    10
 Cast: Pain              ||    31
  Use: Scroll            ||     2
       Potion            ||     1
  Eat: Chunk             ||     2
Armor: Robe              ||    14
Dodge: Dodged            ||    33

Inventory:

Hand Weapons
 d - a +0 dagger
   (You found it on level 1 of the Dungeon)
 i - a +0 dagger of venom (weapon)
   (You found it on level 2 of the Dungeon)
Armour
 a - a +0 robe (worn) {0}
 g - a +0 cloak
   (You found it on level 1 of the Dungeon)
Scrolls
 c - a scroll of remove curse
 t - a scroll of teleportation {!r}
Books
 b - a book of Necromancy
Comestibles
 e - 3 rations


You were on level 2 of the Dungeon.
You were not hungry.

You visited 1 branch of the dungeon, and saw 2 of its levels.

You collected 51 gold pieces.

Dungeon Overview and Level Annotations

Branches:
Dungeon (2/15)

#..###.#..†...# ..
#..###.#......# .#
# #............##
.).# #...##.###.###
.#. #...##.###.# †.
.........##.## ##†#
###...##......#
#..# #...####.#..#
#..# #..## #..@S#
##..# ....
####.#S####..#...#
.
...........†.###.##
#####...#.....# .#
#.........# #
#............
#.#.......##.#
...#......... #
...#......###.


You could see an adder and a ball python.

Notes
Turn   | Place    | Note
-------+----------+-------------------------------------------
     0 | D:1      | theanonym the Demigod Necromancer began the quest for the Orb.
     0 | D:1      | Reached XP level 1. HP: 14/14 MP: 5/5
    90 | D:1      | Reached skill level 2 in Spellcasting
   291 | D:1      | Reached skill level 4 in Necromancy
   291 | D:1      | Reached XP level 2. HP: 12/20 MP: 0/7
   293 | D:1      | HP: 10/20 [jackal (1)]
   299 | D:1      | HP: 9/20 [jackal (1)]
   305 | D:1      | HP: 5/20 [jackal (1)]
   308 | D:1      | HP: 2/20 [jackal (1)]
   753 | D:1      | HP: 7/20 [giant cockroach (2)]
  1451 | D:2      | HP: 9/20 [adder (5)]
  1452 | D:2      | HP: 4/20 [adder (5)]
  1454 | D:2      | Gained mutation: You are occasionally teleported next to monsters. [potion of mutation]
  1454 | D:2      | Gained mutation: You have a somewhat thin skeletal structure. (Dex +2, Stealth) [potion of mutation]
  1456 | D:2      | HP: 1/20 [poisoned by an adder]
  1457 | D:2      | Slain by an adder

Vanquished Creatures
  A dart slug (D:1)
  4 ball pythons (D:2)
  2 giant cockroaches (D:1)
  5 goblins (D:1)
  A hobgoblin (D:1)
  4 jackals (D:1)
  A frilled lizard (D:2)
  2 kobolds
  2 rats
22 creatures vanquished.

Table legend:
 A = Turns spent in this place as a percentage of turns spent in the entire game.
 B = Non-inter-level travel turns spent in this place as a percentage of non-inter-level travel turns spent in the entire game.
 C = Inter-level travel turns spent in this place as a percentage of turns spent in this place.
 D = Turns resting spent in this place as a percentage of non-inter-level travel turns spent in this place.
 E = Turns spent auto-exploring this place as a percentage of non-inter-level travel turns spent in this place.
 F = Non-inter-level travel turns spent in this place divided by the number of levels of this place that you've seen.
                   A       B       C       D       E      F
               +-------+-------+-------+-------+-------+----------------------
         Total | 100.0 | 100.0 |   5.6 |  41.3 |  46.4 | 688.0
       Dungeon | 100.0 | 100.0 |   5.6 |  41.3 |  46.4 | 688.0
               +-------+-------+-------+-------+-------+----------------------
